 Dungeon Crawl Stone Soup version 0.31-a0-833-gc15d34cb79 (webtiles) character file.

Game seed: 6317882803835680188

21 snarfax the Shield-Bearer (level 2, 0/26 HPs)
             Began as a Minotaur Fighter on Sept 25, 2023.
             Slain by a cerulean imp
             ... wielding a +2 spear
             ... summoned by Natasha
              (2 damage)
             ... on level 2 of the Dungeon.
             The game lasted 00:01:19 (528 turns).

snarfax the Shield-Bearer (Minotaur Fighter)         Turns: 528, Time: 00:01:21

Health: 0/26       AC:  8    Str: 20    XL:     2   Next: 65%
Magic:  1/1        EV:  9    Int:  5    God:
Gold:   53         SH:  4    Dex:  9    Spells: 1/1 levels left

rFire   . . .        a - +0 war axe (venom)
rCold   . . .        c - +0 buckler
rNeg    . . .        b - +0 scale mail
rPois   .            (helmet restricted)
rElec   .            l - +0 cloak
rCorr   +            (no gloves)
SInv    .            (no boots)
Will    .....        (no amulet) Stlth
                     g - ring of resist corrosion
HPRegen 0.24/turn    (no ring)
MPRegen 0.07/turn

%: no passive effects
@: no status effects
A: horns 2, retaliatory headbutt
a: no special abilities


You were on level 2 of the Dungeon.
You visited 1 branch of the dungeon, and saw 2 of its levels.

You collected 53 gold pieces.

Inventory:

Hand Weapons
 a - a +0 war axe of venom (weapon)
Armour
 b - a +0 scale mail (worn)
 c - a +0 buckler (worn)
 l - a +0 cloak (worn)
Jewellery
 g - a ring of resist corrosion (left hand)
 k - a ring of flight
Potions
 d - a potion of might
 f - a potion of cancellation {unknown}
 i - a potion of curing
 j - 2 potions of magic {unknown}


   Skills:
 - Level 3.6 Fighting
 * Level 3.5 Axes
 - Level 3.6 Armour
 + Level 4.1 Shields


You had one spell level left.
You didn't know any spells.
Your spell library was empty.

Dungeon Overview and Level Annotations

Branches:
Dungeon (2/15)

Altars:

Shops:
D:1 [

Annotations:
D:2 Natasha


Innate Abilities, Weirdness & Mutations

You have a pair of horns on your head.
You reflexively headbutt those who attack you in melee.


Message History

The ball python constricts you.
You slash the ball python!
You kill the ball python!
No target in view!
HP restored.
Natasha and a quokka come into view.
Natasha hisses angrily.
Natasha stares at you and mumbles some strange words.
The magic dart hits you.
You closely miss the quokka. Your headbutt misses the quokka.
The quokka twitches its whiskers.
The quokka bites you but does no damage.
The quokka twitches its whiskers.
The quokka bites you but does no damage.
You miss the quokka.
The quokka bites you but does no damage.
Natasha casts a spell.
You completely miss the quokka. The quokka bites you. x2
You closely miss the quokka.
The quokka bites you but does no damage.
Natasha mumbles some strange words.
You feel troubled. Natasha casts a spell at you.
The magic dart hits you but does no damage.
You block the quokka's attack.
You closely miss Natasha. You barely miss the quokka.
The cerulean imp hits you from afar with a +1 spear.
You block the quokka's attack.
Natasha mumbles some strange words.
The cerulean imp hits you from afar with a +1 spear.
You are too injured to fight recklessly!
Unknown command.
You closely miss Natasha. Your headbutt misses Natasha.
You completely miss the quokka. You hit the cerulean imp. The quokka bites you.
Natasha stares at you and mumbles some strange words.
The magic dart hits you!
* * * LOW HITPOINT WARNING * * *
The quokka bites you but does no damage.
The cerulean imp hits you with a +2 spear.
You die...

..# .# #.# ...# #.#
...## . #.# .... .
#.# ..# .####
#####.####..# ....
...#....5..#
...#######.##..5h#.#
#<...(.......##@#
##.####...#####r#
###.####...# #.#
#.......>#.# #.#
#.##.###.#.# ..#
#.#......#.# ### #
#........#
#...##.###
#...##........


You could see Natasha, 2 cerulean imps and a quokka.

Vanquished Creatures
  5 ball pythons
  2 endoplasms (D:1)
  A giant cockroach (D:1)
  2 goblins (D:1)
  4 hobgoblins
  A bat (D:1)
  A frilled lizard (D:1)
  3 kobolds (D:1)
  2 rats (D:1)
21 creatures vanquished.

Notes
Turn   | Place    | Note
-------+----------+-------------------------------------------
     0 | D:1      | snarfax the Minotaur Fighter began the quest for the Orb.
     0 | D:1      | Reached XP level 1. HP: 19/19 MP: 0/0
    51 | D:1      | Found Ocuawn Yschi's Armour Boutique.
   130 | D:1      | Reached XP level 2. HP: 26/26 MP: 1/1
   257 | D:1      | Reached skill level 4 in Shields
   521 | D:2      | Noticed Natasha
   528 | D:2      | Slain by a cerulean imp

Illustrated notes

Levels and vault maps discovered:
D:1:      saegor_arrival_simple_a, layout_basic, serial_shops, shop,
          serial_glass, glass_columns_a, glass_columns_b, glass_columns_c,
          glass_columns_a
D:2:      layout_basic, serial_shops, nicolae_shop_trees,
          minmay_misc_feat_tower, dk_noncrumbling_2, dk_vineyard_1,
          kennysheep_generic_room_4, uniq_natasha

Skill      XL: |  1  2 |
---------------+-------+-----
Axes           | 3 |  3.5
Shields        | 4 |  4.1
Fighting       | |  3.6
Armour         | |  3.6

Action                     || total
---------------------------++-------
  Melee: War axe           ||    38
         Headbutt          ||     6
    Use: Scroll            ||     2
 Armour: Scale mail        ||    36
  Dodge: Dodged            ||    20
  Block: Buckler           ||     5

Table legend: (Time is in decaauts)
 A = Elapsed time spent in this place.
 B = Non-inter-level travel time spent in this place.
 C = Inter-level travel time spent in this place.
 D = Time resting spent in this place.
 E = Time spent auto-exploring this place.
 F = Levels seen in this place.
 G = Mean time per level.
                   A        B        C        D        E       F      G
               +--------+--------+--------+--------+--------+-----+--------+
         Total |    541 |    535 |      6 |      0 |    403 |   2 |  270.5 |
       Dungeon |    541 |    535 |      6 |      0 |    403 |   2 |  270.5 |
               +--------+--------+--------+--------+--------+-----+--------+

Top non-repeatable levels by time:
     D:1: 487 daAuts
     D:2: 54 daAuts
